 Dungeon Crawl Stone Soup version 0.19-a0-1201-gda63bca (webtiles) character file.

23 Leszczynek the Cudgeler (level 2, -1/27 HPs)
             Began as an Ogre Earth Elementalist on Aug 20, 2016.
             Slain by Natasha (6 damage)
             ... on level 2 of the Dungeon.
             The game lasted 00:02:46 (583 turns).

Leszczynek the Cudgeler (Ogre Earth Elementalist)    Turns: 583, Time: 00:02:48

Health: -1/27      AC:  4    Str: 12    XL:     2   Next: 95%
Magic:  0/5        EV: 10    Int: 14    God:
Gold:   15         SH:  0    Dex: 10    Spells: 2 memorised, 2 levels left

rFire  . . .     SeeInvis .     a - +0 mace
rCold  . . .     Gourm    .     c - +0 robe
rNeg   . . .     Faith    .     (no shield)
rPois  .         Spirit   .     (helmet restricted)
rElec  .         Dismiss  .     k - +0 cloak
rCorr  .         Reflect  .     (gloves unavailable)
MR     .....     Harm     .     (boots unavailable)
Stlth  +.........               (no amulet)
                                (no ring)
                                (no ring)

@: very slightly contaminated, hasted and slowed
A: unfitting armour, tough skin 1
a: no special abilities


You were on level 2 of the Dungeon.
You were not hungry.

You visited 1 branch of the dungeon, and saw 2 of its levels.

You collected 15 gold pieces.

Inventory:

Hand Weapons
 a - a +0 mace (weapon)
Missiles
 b - 58 stones (quivered)
 j - 41 sling bullets
Armour
 c - a +0 robe (worn)
 k - a +0 cloak (worn)
Scrolls
 g - a scroll of teleportation {unknown}
 m - a scroll of amnesia {unknown}
 o - a scroll of enchant armour {unknown}
Potions
 h - a potion of invisibility {unknown}
 i - 2 potions of curing {unknown}
 l - a potion of haste
 n - a potion of magic {unknown}
Books
 e - a book of Geomancy

   Spells                             Type                      Level
   a - Sandblast                      Earth                        1
   b - Passwall                       Transmutation/Earth          2
   c - Stone Arrow                    Conjuration/Earth            3
   d - Petrify                        Transmutation/Earth          4
   e - Lee's Rapid Deconstruction     Earth                        5
Comestibles
 d - 2 bread rations
 f - 2 chunks of flesh


   Skills:
 - Level 1.0 Fighting
 + Level 3.1 Maces & Flails
 - Level 1.7 Dodging
 - Level 1.5 Stealth
 - Level 2.4 Spellcasting
 - Level 0.6 Transmutations
 - Level 2.1 Earth Magic


You had 2 spell levels left.
You knew the following spells:

 Your Spells              Type           Power        Failure   Level  Hunger
a - Sandblast             Erth           #.....       12%         1    #......
b - Passwall              Tmut/Erth      #.........   21%         2    ###....


Dungeon Overview and Level Annotations

Branches:
Dungeon (2/15)

Altars:

Annotations:
D:2 Natasha


Innate Abilities, Weirdness & Mutations

You are too large for most types of armour.
You have tough skin. (AC +1)


Message History

Press: ? - help, Shift-Dir - straight line, f/p - Natasha
Aim: Natasha (severely wounded)
The rocky blast hits Natasha.
Natasha is almost dead.
Natasha claws you.
Wield which item (- for none, * to show all)? (? for menu, Esc to quit)
a - a +0 mace (weapon)
Natasha stares at you and mumbles some strange words.
The magic dart hits you!
It was a potion of haste.
You feel yourself speed up. Natasha claws you but does no damage.
Natasha barely misses you.
You are very lightly contaminated with residual magic.
You closely miss Natasha.
Natasha is almost dead.
Natasha claws you!
* * * LOW HITPOINT WARNING * * *
You closely miss Natasha.
Natasha is almost dead.
Natasha claws you.
You die...

#.#.##.#.#
#...# #
#####..##.#.
#...........#
#.#######.###
#.# .. .. #.#
.# # #.###h#
#...@.#
#######


You could see Natasha.

Vanquished Creatures
  A worm (D:2)
  5 bats (D:1)
  2 giant cockroaches (D:1)
  2 goblins (D:1)
  3 hobgoblins (D:1)
  3 kobolds (D:1)
  3 rats
19 creatures vanquished.

Notes
Turn   | Place    | Note
-------+----------+-------------------------------------------
     0 | D:1      | Leszczynek the Ogre Earth Elementalist began the quest for the Orb.
     0 | D:1      | Reached XP level 1. HP: 16/16 MP: 3/3
    58 | D:1      | Reached skill level 1 in Fighting
    75 | D:1      | Reached skill level 1 in Maces & Flails
   116 | D:1      | Reached XP level 2. HP: 22/27 MP: 1/5
   123 | D:1      | Learned a level 2 spell: Passwall
   140 | D:1      | Reached skill level 2 in Maces & Flails
   489 | D:2      | Reached skill level 3 in Maces & Flails
   557 | D:2      | Noticed Natasha
   583 | D:2      | Slain by Natasha

Vault maps used:
D:1:      dpeg_arrival_arbitrary_a
D:2:      kennysheep_the_goblin_king, grunt_ministairs_2, uniq_natasha

Skill      XL: |  1  2 |
---------------+-------+-----
Fighting       | 1 |  1.0
Maces & Flails | 1 3 |  3.1
Dodging        | |  1.7
Stealth        | |  1.5
Spellcasting   | |  2.4
Transmutations | |  0.6
Earth Magic    | |  2.1

Action                   || total
-------------------------++-------
Melee: Mace              ||    28
 Cast: Sandblast         ||    27
  Use: Potion            ||     1
Armor: Robe              ||    41
Dodge: Dodged            ||    39
